 Dungeon Crawl Stone Soup version 0.27-a0-1217-g8a41f320e8 (webtiles) character file.

Game seed: 13436067295295623291

28 senseless the Grave Robber (level 2, -5/22 HPs)
             Began as a Deep Dwarf Necromancer on June 5, 2021.
             Killed from afar by Natasha (7 damage)
             ... with a magic dart
             ... on level 2 of the Dungeon.
             The game lasted 00:07:19 (1092 turns).

senseless the Grave Robber (Deep Dwarf Necromancer) Turns: 1092, Time: 00:07:21

Health: -5/22      AC:  2    Str: 11    XL:     2   Next: 96%
Magic:  2/5        EV: 12    Int: 15    God:
Gold:   49         SH:  0    Dex: 13    Spells: 4/5 levels left

rFire    . . .     SeeInvis .   b - staff of cold
rCold    + . .     Faith    .   (no shield)
rNeg     . . .     Spirit   .   a - +0 robe
rPois    .         Reflect  .   (no helmet)
rElec    .         Harm     .   (no cloak)
rCorr    .         Rampage  .   (no gloves)
Will     .....                  (no boots)
Stlth    ++........             (no amulet)
HPRegen  0.00/turn              f - ring of wizardry
MPRegen  0.09/turn              (no ring)

@: no status effects
A: damage resistance, heal wounds, sense surroundings 1, no regeneration
a: Heal Wounds


You were on level 2 of the Dungeon.
You visited 1 branch of the dungeon, and saw 2 of its levels.

You collected 49 gold pieces.

Inventory:

Missiles
 c - 2 throwing nets
Armour
 a - a +0 robe (worn)
Magical Staves
 b - a staff of cold (weapon)
Jewellery
 f - a ring of wizardry (left hand)
Potions
 d - a potion of mutation {unknown}
 e - a potion of haste {unknown}
 g - a potion of lignification {unknown}


   Skills:
 + Level 2.5 Dodging
 + Level 2.8 Stealth
 * Level 2.1 Spellcasting
 * Level 4.8 Necromancy


You had 4 spell levels left.
You knew the following spells:

 Your Spells              Type           Power      Damage    Failure   Level
a - Pain                  Necr           64%        1d7       1%          1

Your spell library contained the following spells:

 Spells                   Type           Power      Damage    Failure   Level
 Animate Skeleton         Necr           32%        N/A       1%          1
 Vampiric Draining        Necr           8%         2d7       3%          3
 Animate Dead             Necr           8%         N/A       12%         4
 Agony                    Necr           16%        N/A       32%         5


Dungeon Overview and Level Annotations

Branches:
Dungeon (2/15)

Altars:

Annotations:
D:2 Natasha


Innate Abilities, Weirdness & Mutations

You are resistant to damage.
You can heal yourself by infusing magical energy.
You passively map a small area around you.
You do not regenerate.


Message History

The adder is heavily wounded.
The adder misses you.
The adder writhes in agony.
The adder bites you.
You are more poisoned.
The adder poisons you! The adder bites you.
Your magical contamination has completely faded away.
You hit the adder.
You kill the adder!
You see here an adder corpse.
You are no longer poisoned.
Magic restored.
c - 2 throwing nets
Found a stone staircase leading up.
Found a stone staircase leading down.
There is a stone staircase leading up here.
Natasha, Servant of Life and Death comes into view.
Natasha hisses angrily.
You are too injured to fight recklessly!
Casting: Pain (safe; 1% risk of failure)
Confirm with . or Enter, or press ? or * to list all spells.
Aiming: Pain (safe; 1% risk of failure)
Press: ? - help, Shift-Dir - straight line, f - Natasha
Aim: Natasha (chance to affect: 75%) Natasha writhes in agony.
Natasha claws you!
* * * LOW HITPOINT WARNING * * *
Casting: Pain (safe; 1% risk of failure)
Confirm with . or Enter, or press ? or * to list all spells.
Aiming: Pain (safe; 1% risk of failure)
Press: ? - help, Shift-Dir - straight line, f/p - Natasha
Aim: Natasha (moderately wounded, chance to affect: 75%) Natasha writhes in agony.
Natasha completely misses you.
Casting: Pain (safe; 1% risk of failure)
Confirm with . or Enter, or press ? or * to list all spells.
Aiming: Pain (safe; 1% risk of failure)
Press: ? - help, Shift-Dir - straight line, f/p - Natasha
Aim: Natasha (heavily wounded, chance to affect: 75%) Natasha writhes in agony.
Natasha stares at you and mumbles some strange words.
The magic dart hits you!
You die...

* * ,, ##### *
** # #@h.# , *
###.###.#.# #
..#.#...# ..#* *
#>#...### #.#*
#.###...#...# *
* #.# ###.#.# ,
,
#.#####...####.*
#.#
#..............
#.#
##.#####...<...
,


You could see Natasha.

Vanquished Creatures
  An adder (D:2)
  An endoplasm (D:1)
  2 hobgoblins (D:1)
  2 jackals (D:1)
  2 kobolds (D:1)
  A quokka (D:1)
  2 ball pythons (D:1)
  4 bats (D:1)
  2 goblins (D:1)
17 creatures vanquished.

Notes
Turn   | Place    | Note
-------+----------+-------------------------------------------
     0 | D:1      | senseless the Deep Dwarf Necromancer began the quest for
                  | the Orb.
     0 | D:1      | Reached XP level 1. HP: 15/15 MP: 3/3
   262 | D:1      | Found a faded altar of an unknown god.
   278 | D:1      | Reached XP level 2. HP: 22/22 MP: 0/4
  1089 | D:2      | Noticed Natasha
  1092 | D:2      | Killed from afar by Natasha

Illustrated notes

Levels and vault maps discovered:
D:1:      dpeg_arrival_arbitrary_a, layout_rooms,
          shapermc_ecumenical_altar_venn, st_stairs_8,
          chequers_serial_rivers_room_b, amethyst_killhole
D:2:      layout_loops_ring, basic_altar, minmay_lizard_king, uniq_natasha

Skill      XL: |  1  2 |
---------------+-------+-----
Spellcasting   | 2 |  2.1
Dodging        | |  2.5
Stealth        | |  2.8
Necromancy     | |  4.8

Action                   || total
-------------------------++-------
Melee: Unarmed           ||     6
       Staff             ||    11
Throw: Throwing net      ||     2
 Cast: Pain              ||    37
  Use: Scroll            ||     2
Armor: Robe              ||     7
Dodge: Dodged            ||    22

Table legend: (Time is in decaauts)
 A = Elapsed time spent in this place.
 B = Non-inter-level travel time spent in this place.
 C = Inter-level travel time spent in this place.
 D = Time resting spent in this place.
 E = Time spent auto-exploring this place.
 F = Levels seen in this place.
 G = Mean time per level.
                   A        B        C        D        E       F      G
               +--------+--------+--------+--------+--------+-----+--------+
         Total |   1097 |   1087 |     10 |     60 |    881 |   2 |  548.5 |
       Dungeon |   1097 |   1087 |     10 |     60 |    881 |   2 |  548.5 |
               +--------+--------+--------+--------+--------+-----+--------+

Top non-repeatable levels by time:
     D:1: 917 daAuts
     D:2: 180 daAuts
